[Event "21st Sants Open 2019"]
[Site "Cotxeres de Sants"]
[Date "2019.09.01"]
[Round "10.7"]
[White "Hillarp Persson, Tiger"]
[Black "Harikrishnan.A.Ra"]
[Result "0-1"]
[ECO "A20"]
[WhiteElo "2558"]
[BlackElo "2411"]
[Annotator "ChessBase"]
[PlyCount "67"]
[EventDate "2019.08.22"]
[EventType "swiss"]
[EventCountry "ESP"]
[SourceTitle "playchess.com"]
[Source "ChessBase"]
[SourceQuality "1"]
[TimeControl "40/5400+30:1800+30"]

1. c4 e5 2. e3 Nc6 3. Nc3 f5 4. a3 Nf6 5. d4 d6 6. Be2 g6 7. d5 Ne7 8. Nf3 Bg7 9. b4 O-O 10. Bb2 h6 11. Qc2 a5 12. O-O g5 13. Nd2 f4 14. Nb3 Nf5 15. Nxa5 fxe3 16. Nb3 c6 17. dxc6 bxc6 18. Nd1 exf2+ 19. Rxf2 e4 20. Rxf5 Bxf5 21. Ne3 Bg6 22. c5 Nd5 23. Nxd5 Bxb2 24. Qxb2 cxd5 25. c6 e3 26. Bf3 Be4 27. Bxe4 dxe4 28. h3 e2 29. Nd4 Qb6 30. Kh2 Rxa3 31. Qxa3 Qxd4 32. c7 Qe5+ 33. Kg1 Qf6 34. Qa6 0-1

[Event "21st Sants Open 2019"]
[Site "Cotxeres de Sants"]
[Date "2019.09.01"]
[Round "10.8"]
[White "Sardana, Rishi"]
[Black "Hoffman, Alejandro"]
[Result "1-0"]
[ECO "C41"]
[WhiteElo "2410"]
[BlackElo "2454"]
[Annotator "RC"]
[PlyCount "123"]
[EventDate "2019.08.22"]
[EventType "swiss"]
[EventCountry "ESP"]
[SourceTitle "playchess.com"]
[Source "ChessBase"]
[SourceQuality "1"]
[TimeControl "40/5400+30:1800+30"]

1. e4 e5 2. Nf3 d6 3. d4 exd4 4. Nxd4 Nf6 5. Nc3 Be7 6. Qf3 O-O 7. Nf5 Bxf5 8. Qxf5 c6 9. Be3 Nbd7 10. O-O-O b5 11. f3 Re8 12. h4 Bf8 13. g4 b4 14. Ne2 g6 15. Qf4 d5 16. h5 Bg7 17. hxg6 hxg6 18. Qh2 Qe7 19. Bh6 Qf8 20. Bf4 Qc5 21. Bh6 Qf8 22. Bxg7 Qxg7 23. Ng3 Nh7 24. exd5 cxd5 25. Bb5 Red8 26. Kb1 Ne5 27. Be2 Rac8 28. Rdg1 Nf8 29. Nf5 gxf5 30. gxf5 Neg6 31. fxg6 fxg6 32. f4 a5 33. Bd3 Rc6 34. Qh4 Rb8 35. Qg5 Rd6 36. b3 a4 37. bxa4 Ra8 38. Bb5 Rc8 39. Bd3 Qc3 40. f5 b3 41. axb3 Rb6 42. Ka2 Ra8 43. Qc1 Rb4 44. Qa3 Qd4 45. fxg6 Rbxa4 46. bxa4 Rxa4 47. g7 Rxa3+ 48. Kxa3 Qc3+ 49. Ka2 Qa5+ 50. Kb1 Qb4+ 51. Kc1 Qf4+ 52. Kd1 Ng6 53. Bxg6 Qf3+ 54. Kd2 Qf2+ 55. Kc3 Qc5+ 56. Kd3 Qc4+ 57. Ke3 Qc5+ 58. Ke2 Kxg7 59. Bd3+ Kf6 60. Rg6+ Kf7 61. Rh7+ Kf8 62. Ra6 1-0

[Event "21st Sants Open 2019"]
[Site "Cotxeres de Sants"]
[Date "2019.09.01"]
[Round "10.10"]
[White "Gual Pascual, Antonio"]
[Black "Krishna C R G"]
[Result "1/2-1/2"]
[ECO "D15"]
[WhiteElo "2337"]
[BlackElo "2444"]
[Annotator "NA"]
[PlyCount "84"]
[EventDate "2019.08.22"]
[EventType "swiss"]
[EventCountry "ESP"]
[SourceTitle "playchess.com"]
[Source "ChessBase"]
[SourceQuality "1"]
[TimeControl "40/5400+30:1800+30"]

1. d4 d5 2. c4 c6 3. Nf3 Nf6 4. Nc3 a6 5. Qc2 e6 6. Bg5 Be7 7. e3 h6 8. Bh4 O-O 9. Rd1 b5 10. c5 Nbd7 11. b4 a5 12. a3 axb4 13. axb4 Nh5 14. Bxe7 Qxe7 15. Be2 e5 16. dxe5 Nxe5 17. O-O Nf6 18. Nd4 Bd7 19. Ra1 Nc4 20. Bxc4 dxc4 21. h3 Qe5 22. Rae1 Rfd8 23. f4 Qh5 24. Ra1 Re8 25. Rxa8 Rxa8 26. e4 Bxh3 27. e5 Ng4 28. Qe2 Bxg2 29. Qxg2 Ne3 30. Qxc6 Qg4+ 31. Kf2 Qxf4+ 32. Nf3 Rd8 33. Ne2 Rd2 34. e6 Ng4+ 35. Ke1 Rxe2+ 36. Kxe2 Qe3+ 37. Kd1 Qd3+ 38. Ke1 Qb1+ 39. Ke2 Qd3+ 40. Ke1 Qe3+ 41. Kd1 Qb3+ 42. Ke2 Qe3+ 1/2-1/2

[Event "21st Sants Open 2019"]
[Site "Cotxeres de Sants"]
[Date "2019.09.01"]
[Round "10.11"]
[White "Haast, Mark"]
[Black "Valenzuela Gomez, Fernando"]
[Result "1/2-1/2"]
[ECO "A20"]
[WhiteElo "2413"]
[BlackElo "2388"]
[Annotator "NA"]
[PlyCount "44"]
[EventDate "2019.08.22"]
[EventType "swiss"]
[EventCountry "ESP"]
[SourceTitle "playchess.com"]
[Source "ChessBase"]
[SourceQuality "1"]
[TimeControl "40/5400+30:1800+30"]

1. c4 e5 2. g3 h5 3. d4 exd4 4. Nf3 h4 5. gxh4 Nc6 6. Bg5 Bb4+ 7. Nbd2 Be7 8. Nb3 Nf6 9. a3 d5 10. Nbxd4 Nxd4 11. Qxd4 c5 12. Qe5 dxc4 13. Bxf6 gxf6 14. Qc3 Be6 15. Rg1 Qc7 16. Rd1 Rd8 17. Rxd8+ Kxd8 18. Rg3 Qd7 19. Ng5 Rxh4 20. Nxe6+ Qxe6 21. Rg8+ Kd7 22. Qf3 Qe4 1/2-1/2

[Event "21st Sants Open 2019"]
[Site "Cotxeres de Sants"]
[Date "2019.09.01"]
[Round "10.12"]
[White "Santos Latasa, Jaime"]
[Black "Sanchez, Sebastian Felipe"]
[Result "1-0"]
[ECO "C18"]
[WhiteElo "2586"]
[BlackElo "2405"]
[Annotator "RC"]
[PlyCount "67"]
[EventDate "2019.08.22"]
[EventType "swiss"]
[EventCountry "ESP"]
[SourceTitle "playchess.com"]
[Source "ChessBase"]
[SourceQuality "1"]
[TimeControl "40/5400+30:1800+30"]

1. e4 e6 2. d4 d5 3. Nc3 Bb4 4. e5 c5 5. a3 Bxc3+ 6. bxc3 Ne7 7. Qg4 O-O 8. Bd3 Nbc6 9. Bg5 Qa5 10. Ne2 Ng6 11. h4 Nxd4 12. Qg3 Nxe5 13. Qxe5 f6 14. Qd6 Nxe2 15. Kxe2 Qd8 16. Qxc5 fxg5 17. hxg5 g6 18. Rh6 Qxg5 19. Rah1 Qe5+ 20. Kd1 Rf7 21. Bxg6 hxg6 22. Rxg6+ Rg7 23. Qe7 Bd7 24. Qxd7 Rxg6 25. Qh7+ Kf8 26. Qxg6 Ke7 27. Rh7+ Kd6 28. Qf7 Kc5 29. Qxb7 Qb8 30. Rc7+ Kd6 31. Rc6+ Ke5 32. Qg7+ Kf5 33. Qf7+ Kg5 34. Rxe6 1-0

[Event "21st Sants Open 2019"]
[Site "Cotxeres de Sants"]
[Date "2019.09.01"]
[Round "10.13"]
[White "Sosa, Tomas"]
[Black "Nogerbek, Kazybek"]
[Result "1-0"]
[ECO "C03"]
[WhiteElo "2508"]
[BlackElo "2375"]
[Annotator "ChessBase"]
[PlyCount "57"]
[EventDate "2019.08.22"]
[EventType "swiss"]
[EventCountry "ESP"]
[SourceTitle "playchess.com"]
[Source "ChessBase"]
[SourceQuality "1"]
[TimeControl "40/5400+30:1800+30"]

1. e4 e6 2. d4 d5 3. Nd2 Be7 4. e5 c5 5. dxc5 Nc6 6. Ngf3 Qc7 7. Bb5 Bxc5 8. O-O a6 9. Bxc6+ bxc6 10. c4 a5 11. Nb3 Ba7 12. cxd5 cxd5 13. Bd2 Bb6 14. Rc1 Qa7 15. Nbd4 Ba6 16. Re1 Qd7 17. Rc6 Bc7 18. Bxa5 Bxa5 19. Rd6 Nf6 20. Rxd7 Nxd7 21. Re3 O-O 22. Qa4 Bc8 23. b4 Nb6 24. Qb3 Nc4 25. bxa5 Nxe3 26. fxe3 Rxa5 27. Nc6 Rc5 28. Ne7+ Kh8 29. Qa3 1-0

[Event "21st Sants Open 2019"]
[Site "Cotxeres de Sants"]
[Date "2019.09.01"]
[Round "10.14"]
[White "Garriga Cazorla, Pere"]
[Black "Domingo Nunez, Ruben"]
[Result "1-0"]
[ECO "E32"]
[WhiteElo "2495"]
[BlackElo "2347"]
[Annotator "ChessBase"]
[PlyCount "87"]
[EventDate "2019.08.22"]
[EventType "swiss"]
[EventCountry "ESP"]
[SourceTitle "playchess.com"]
[Source "ChessBase"]
[SourceQuality "1"]
[TimeControl "40/5400+30:1800+30"]

1. d4 Nf6 2. c4 e6 3. Nc3 Bb4 4. Qc2 d6 5. Nf3 Nbd7 6. Bd2 O-O 7. a3 Bxc3 8. Bxc3 Qe7 9. e3 b6 10. Be2 Bb7 11. b4 Ne4 12. Bb2 f5 13. Rd1 Ng5 14. d5 Nxf3+ 15. Bxf3 e5 16. Be2 Qg5 17. O-O c5 18. f4 Qh6 19. Kh1 Nf6 20. bxc5 bxc5 21. fxe5 Ne4 22. Rf3 dxe5 23. Bxe5 Rae8 24. Qb2 Rf7 25. Rdf1 Bc8 26. Bd3 Rb7 27. Qa1 Nd2 28. Rh3 Qa6 29. Rd1 Rb3 30. Rg3 g6 31. Bh8 Re7 32. Rxd2 Rxa3 33. Qb2 f4 34. Rf3 Rxd3 35. Rxd3 Rb7 36. Qc1 Qa2 37. Rf1 Kxh8 38. exf4 Rb2 39. Rg1 Bf5 40. Qc3+ Kg8 41. Re3 Re2 42. Rxe2 Qxe2 43. Re1 Qf2 44. Qe3 1-0

[Event "21st Sants Open 2019"]
[Site "Cotxeres de Sants"]
[Date "2019.09.01"]
[Round "10.15"]
[White "Romero Moreno, Felix"]
[Black "Carmona Huertas, Juan Antonio"]
[Result "1/2-1/2"]
[ECO "D45"]
[WhiteElo "1914"]
[BlackElo "1930"]
[Annotator "NA"]
[PlyCount "34"]
[EventDate "2019.08.22"]
[EventType "swiss"]
[EventCountry "ESP"]
[SourceTitle "playchess.com"]
[Source "ChessBase"]
[SourceQuality "1"]
[TimeControl "40/5400+30:1800+30"]

1. d4 d5 2. c4 c6 3. Nf3 Nf6 4. Nc3 e6 5. e3 Nbd7 6. Qc2 Bd6 7. b3 O-O 8. Bb2 e5 9. h3 Re8 10. O-O-O Qa5 11. g4 e4 12. Nd2 Nb8 13. g5 Nfd7 14. h4 Nf8 15. Be2 Bb4 16. h5 dxc4 17. Nxc4 Qxg5 1/2-1/2

[Event "21st Sants Open 2019"]
[Site "Cotxeres de Sants"]
[Date "2019.09.01"]
[Round "10.16"]
[White "Manukonda Arun"]
[Black "Morais Carreras, Javier"]
[Result "0-1"]
[ECO "D55"]
[WhiteElo "1899"]
[BlackElo "1939"]
[Annotator "NA"]
[PlyCount "76"]
[EventDate "2019.08.22"]
[EventType "swiss"]
[EventCountry "ESP"]
[SourceTitle "playchess.com"]
[Source "ChessBase"]
[SourceQuality "1"]
[TimeControl "40/5400+30:1800+30"]

1. d4 d5 2. c4 e6 3. Nc3 Nf6 4. Bg5 Be7 5. Nf3 O-O 6. e3 c6 7. Bd3 Nbd7 8. O-O dxc4 9. Bxc4 Nd5 10. Bxe7 Qxe7 11. e4 Nxc3 12. bxc3 e5 13. Re1 exd4 14. cxd4 Nb6 15. Bb3 Bg4 16. Qd3 Rad8 17. Re3 Bh5 18. Rae1 Kh8 19. Qc3 Qd7 20. Rd1 Rfe8 21. Ne5 Rxe5 22. Rdd3 Re7 23. f4 f5 24. d5 cxd5 25. exd5 Re4 26. Rh3 Bg4 27. Rhg3 Rc8 28. Qa1 Rce8 29. Rxg4 Re1+ 30. Qxe1 Rxe1+ 31. Kf2 Qe7 32. Bd1 fxg4 33. d6 Qe4 34. Bc2 Re2+ 35. Kg3 Rxg2+ 36. Kh4 Rxh2+ 37. Kxg4 Rg2+ 38. Kh3 Rxc2 0-1

[Event "21st Sants Open 2019"]
[Site "Cotxeres de Sants"]
[Date "2019.09.01"]
[Round "10.17"]
[White "Martos Martin, Jose Angel"]
[Black "Planella Sanchez, Jordi"]
[Result "0-1"]
[ECO "B40"]
[WhiteElo "1790"]
[BlackElo "1919"]
[Annotator "NA"]
[PlyCount "74"]
[EventDate "2019.08.22"]
[EventType "swiss"]
[EventCountry "ESP"]
[SourceTitle "playchess.com"]
[Source "ChessBase"]
[SourceQuality "1"]
[TimeControl "40/5400+30:1800+30"]

1. e4 c5 2. Nf3 e6 3. d4 cxd4 4. Nxd4 Nf6 5. Bd3 Be7 6. O-O d6 7. c4 O-O 8. Nc3 Nbd7 9. Be3 Nc5 10. Rc1 Nxd3 11. Qxd3 e5 12. Nc2 Be6 13. b3 Ng4 14. Bd2 f5 15. h3 Nf6 16. exf5 Bd7 17. Ne3 Kh8 18. Ne4 Nxe4 19. Qxe4 Bc6 20. Nd5 Bg5 21. f4 Bh6 22. Rcd1 Qh4 23. Be1 Qh5 24. Qc2 Rae8 25. Bb4 exf4 26. Rde1 Bxd5 27. cxd5 Rc8 28. Qe2 Qxf5 29. Bxd6 Rfd8 30. Qe6 Qh5 31. Rd1 Rc2 32. Rc1 Re2 33. Qg4 Qxg4 34. hxg4 f3 35. Rc7 f2+ 36. Kh2 g6 37. Bb4 Bf4+ {[%emt 0:00:15] Bd6 Bh6 Bg3 Rxd5 Rxb7 Rdd2} 0-1

[Event "21st Sants Open 2019"]
[Site "Cotxeres de Sants"]
[Date "2019.09.01"]
[Round "10.18"]
[White "Paton Alvarez, Ivan"]
[Black "Ferre Navarro, Joan"]
[Result "1-0"]
[ECO "B06"]
[WhiteElo "1544"]
[BlackElo "1533"]
[Annotator "NA"]
[PlyCount "67"]
[EventDate "2019.08.22"]
[EventType "swiss"]
[EventCountry "ESP"]
[SourceTitle "playchess.com"]
[Source "ChessBase"]
[SourceQuality "1"]
[TimeControl "40/5400+30:1800+30"]

1. e4 g6 2. d4 Bg7 3. Nc3 a6 4. a4 d6 5. Nf3 Nd7 6. Be2 c5 7. Be3 Qb6 8. Rb1 e6 9. O-O Ne7 10. Qd2 O-O 11. Bh6 cxd4 12. Bxg7 Kxg7 13. Qxd4+ Qxd4 14. Nxd4 Nc6 15. Rfd1 Nb4 16. Nf3 Nxc2 17. b4 e5 18. Rd2 Nd4 19. Nxd4 exd4 20. Rxd4 Nf6 21. Rxd6 Re8 22. Rxf6 Kxf6 23. Nd5+ Kg7 24. Nc7 Bd7 25. Nxa8 Rxa8 26. a5 Bc6 27. f3 Rd8 28. Rd1 Rxd1+ 29. Bxd1 Kf6 30. Kf2 Ke5 31. Ke3 f5 32. f4+ Kf6 33. e5+ Ke7 34. Bf3 1-0

[Event "21st Sants Open 2019"]
[Site "Cotxeres de Sants"]
[Date "2019.09.01"]
[Round "10.20"]
[White "Garcia Martinez, Hector"]
[Black "Lambert Pont, Michael"]
[Result "1/2-1/2"]
[ECO "C36"]
[WhiteElo "1547"]
[BlackElo "1577"]
[Annotator "NA"]
[PlyCount "100"]
[EventDate "2019.08.22"]
[EventType "swiss"]
[EventCountry "ESP"]
[SourceTitle "playchess.com"]
[Source "ChessBase"]
[SourceQuality "1"]
[TimeControl "40/5400+30:1800+30"]

1. e4 e5 2. f4 d5 3. exd5 exf4 4. Nf3 Nf6 5. Bc4 Bd6 6. O-O O-O 7. Nc3 Bg4 8. Qe1 c6 9. d4 Bc7 10. Qh4 Bxf3 11. Rxf3 Nxd5 12. Qxd8 Rxd8 13. Nxd5 cxd5 14. Bd3 g5 15. Rh3 Nc6 16. c3 Rd6 17. Rxh7 Ne7 18. Rh5 f6 19. Bd2 Re6 20. Re1 Rxe1+ 21. Bxe1 Re8 22. Bb5 Nc6 23. Kf2 a6 24. Bd3 Re3 25. Bf5 Ne7 26. Bg4 Ng6 27. Bc8 Re8 28. Bxb7 Rb8 29. Bxd5+ Kg7 30. b3 Re8 31. Rh3 Ne7 32. Bc4 Nf5 33. Bxa6 Ra8 34. Bd3 Rxa2+ 35. Kf3 Nh6 36. Rh5 Ra3 37. b4 Ra2 38. g4 Ra1 39. Kf2 Nxg4+ 40. Kf3 Nh6 41. Bd2 Bd8 42. h4 Rh1 43. Kg2 Rd1 44. Bxf4 gxf4 45. Be4 Be7 46. Ra5 Re1 47. Kf3 Bd6 48. Ra7+ Kf8 49. Ra6 Re3+ 50. Kf2 Ke7 1/2-1/2